 Dungeon Sprint DCSS version 0.28.0-62-gf88900778d (webtiles) character file.

Game seed: 6971555683367391898

23650 cbfl8 the Tortoise (level 12, -4/130 HPs)
             Began as a Minotaur Berserker on Jan 14, 2024.
             Was the Champion of Trog.
             Killed from afar by Lom Lobon (13 damage)
             ... with a vortex
             ... in the Dungeon (Sprint I: "Red Sonja").
             The game lasted 00:29:52 (13314 turns).

cbfl8 the Tortoise (Minotaur Berserker)            Turns: 13314, Time: 00:29:52

Health: -4/130     AC: 23    Str: 32    XL:     12   Next: 73%
Magic:  18/18      EV: 11    Int:  4    God:    Trog [******]
Gold:   1131       SH: 21    Dex: 18    Spells: 11/11 levels left

rFire   . . .      SeeInvis .   r - +4 broad axe (flame)
rCold   . . .      Faith    .   o - +0 tower shield
rNeg    + . .      Spirit   .   n - +0 pearl dragon scales
rPois   +          Reflect  .   (helmet restricted)
rElec   +          Harm     .   y - +1 cloak {Stlth+}
rCorr   .          Rampage  +   (no gloves)
Will    .....      Rage     1%  s - +0 pair of boots {rampage}
Stlth   .......... NoTele   +   t - amulet of Comana {Acrobat Rampage Fragile rPois Str+5}
HPRegen 0.31/turn               m - ring of flight
MPRegen 0.16/turn               e - ring of Dawn {rElec MP+9 Str+4 Dex+6 Stlth-}

@: silenced, on berserk cooldown, flying, slowed, very slow
A: horns 2, retaliatory headbutt, berserk 1, clumsy 1, low MP 1
a: Renounce Religion


You were in the Dungeon.
You worshipped Trog.
Trog was exalted by your worship.
You visited 1 branch You collected 6096 gold pieces.
You spent 4965 gold pieces at shops.

Inventory:

Hand Weapons
 p - a +1 antimagic broad axe
 r - a +4 broad axe of flaming (weapon)
Missiles
 k - a throwing net
Armour
 a - a +10 plate armour of ponderousness
 n - +0 pearl dragon scales (worn)
 o - a +0 tower shield (worn)
 s - a +0 pair of boots of rampaging (worn)
 y - a +1 cloak of stealth (worn)
Jewellery
 e - the ring of Dawn (right hand) {rElec MP+9 Str+4 Dex+6 Stlth-}
   (You bought it in a shop in the Dungeon)

   [ring of dexterity]

   Str:       It affects your strength (+4).
   Dex:       It affects your dexterity (+6).
   rElec:     It insulates you from electricity.
   MP:        It affects your magic capacity (+9).
   Stlth:     It makes you less stealthy.
 m - a ring of flight (left hand)
 t - the amulet of Comana (around neck) {Acrobat Rampage Fragile rPois Str+5}
   (You acquired it in the Dungeon)

   [amulet of the acrobat]

   It increases your evasion while moving and waiting.
   Str:       It affects your strength (+5).
   rPois:     It protects you from poison.
   Fragile:   It will be destroyed if unequipped.
   Rampage:   It bestows one free step when moving towards enemies.
 u - a +6 ring of strength
 v - a ring of ice
Wands
 i - a wand of paralysis (1) (quivered)
Scrolls
 h - 3 scrolls of blinking
 j - 3 scrolls of fear
 l - a scroll of silence
Potions
 b - 2 potions of flight
 d - a potion of haste
 f - 2 potions of mutation
Miscellaneous
 q - a box of beasts


   Skills:
 + Level 19.4 Fighting
 - Level 18.2 Axes
 + Level 19.4 Armour
 * Level 4.5 Dodging
 + Level 17.9 Shields
 + Level 11.6 Evocations


You had 11 spell levels left.
You didn't know any spells.
Your spell library was empty.

Dungeon Overview and Level Annotations

Branches:
Dungeon (1/1)

Altars:
Cheibriados
Dithmenos
Elyvilon
Fedhas
Gozag
Hepliaklqana
Kikubaaqudgha
Makhleb
Nemelex Xobeh
Okawaru
Qazlal
Ru
Sif Muna
Trog
Uskayaw
Vehumet
Wu Jian
Xom
Yredelemnul
Zin
The Shining One
Jiyva
Lugonu

Shops:
D [**((=(*?:([?([?:=?[!

Annotations:
D Lernaean hydra, Lom Lobon, Tiamat


Innate Abilities, Weirdness & Mutations

You have a pair of horns on your head.
You reflexively headbutt those who attack you in melee.
You tend to lose your temper in combat.
You are clumsy. (Dex -2)
Your magical capacity is low. (-10% MP)


Message History

You are encased in ice.
You are too injured to fight recklessly!
Unknown command.
You are too injured to fight recklessly!
Unknown command.
You barely miss the ball lightning.
You are engulfed in freezing vapours.
Lom Lobon gestures.
A ball lightning comes into view.
The ball lightning explodes!
The blast of lightning engulfs you!! You resist.
* * * LOW HITPOINT WARNING * * *
The blast of lightning engulfs the ball lightning.
The ball lightning completely resists.
The blast of lightning engulfs Lom Lobon.
Lom Lobon completely resists.
The blast of lightning engulfs the ball lightning.
The ball lightning completely resists.
The blast of lightning engulfs the ball lightning.
The ball lightning completely resists. 3 ball lightnings come into view.
Unknown command.
You slam the door shut!
You are engulfed in freezing vapours.
* * * LOW HITPOINT WARNING * * *
Lom Lobon opens the door.
The ball lightning moves out of view.
You feel a strong urge to attack something.
The ice encasing you melts away.
The ball lightning explodes!
The blast of lightning engulfs you. You resist.
* * * LOW HITPOINT WARNING * * *
You are too berserk!
You feel your anger nearly subside.
You are no longer berserk.
You are exhausted.
You feel yourself slow down.
Magic scrolls do not work when you're silenced!
You feel better.
Lom Lobon gestures.
A freezing vortex appears around Lom Lobon!
You feel better.
* * * LOW HITPOINT WARNING * * *
You die...

#)#.....○...#=###..#.§§..§...,,,#
###.........#)#.+..##.§.§.....,##
).'...○..####)#.##'##,,,,,,,,,,#.
####.○○###....#.#≈°○##,,,,,,,,##○
...#####...####^#≈≈≈°##,,,,,,##.○
.........###,^.^#≈☼*°≈########..○
.....#####,,,○####°≈≈≈#≈≈≈≈≈#.°°.
....##,,,,,,○○#§§#☼≈≈≈'≈≈!≈≈'°○°.
...##,,,,,^^°,#☼@&##≈≈#≈≈≈≈≈#☼≈≈.
...#,^,,^,°&.,#☼§§°######+#####○≈
####****,°°°,,#§§§§#≈≈≈≈≈≈≈≈≈≈##°
≈≈≈≈≈≈.*^,,^,,#######≈≈≈e≈≈≈≈≈≈≈≈
#######*,,,,,,+,,*[)'...≈≈≈≈≈≈≈#≈
0..+,,,,^,,,,,*,,+||#........≈≈≈#
####**************#*#############


You could see Lom Lobon (vortex, unsilenced).

Vanquished Creatures
  A deep elf master archer (D)
  4 fire giants (D)
  A lorocyproca (D)
  A deep elf annihilator (D)
  A mummy priest (D)
  A hydra (D)
  2 centaur warriors (D)
  Sonja (D)
  A deep troll (D)
  A lindwurm (D)
  8 shining eyes (D)
  2 oklob plants (D)
  2 merfolk sirens (D)
  A gargoyle (D)
  7 unseen horrors (D)
  4 demonic crawlers (D)
  A hellwing (D)
  2 kobold demonologists (D)
  4 hornets (D)
  A slime creature (D)
  Sigmund (D)
  A yak (D)
  13 hogs (D)
  2 redbacks (D)
  7 floating eyes (D)
  An ogre (D)
  7 necrophages (D)
  8 jellies (D)
  Ijyb (D)
  A ballistomycete spore (D)
88 creatures vanquished.

Vanquished Creatures (collateral kills)
  A hornet (D)
1 creature vanquished.

Vanquished Creatures (others)
  A gargoyle (D)
  3 ball lightnings (D)
  A ballistomycete spore (D)
5 creatures vanquished.

Grand Total: 94 creatures vanquished

Notes
Turn   | Place    | Note
-------+----------+-------------------------------------------
     0 | D        | cbfl8 the Minotaur Berserker began the quest for the Orb.
     0 | D        | Reached XP level 1. HP: 19/19 MP: 0/0
     1 | D        | Noticed Ijyb
     9 | D        | Killed Ijyb
    10 | D        | Reached skill level 5 in Fighting
    10 | D        | Reached skill level 5 in Axes
    10 | D        | Reached XP level 2. HP: 8/30 MP: 1/1
   424 | D        | Noticed an ogre
   428 | D        | Killed an ogre
   429 | D        | Reached XP level 3. HP: 30/39 MP: 2/2
   429 | D        | Reached XP level 4. HP: 37/47 MP: 3/3
   572 | D        | Noticed Sigmund
   583 | D        | Killed Sigmund
   583 | D        | Reached ** piety under Trog
   584 | D        | Reached XP level 5. HP: 33/57 MP: 4/4
   584 | D        | Reached XP level 6. HP: 36/63 MP: 5/5
   929 | D        | Found an ornate altar of the Wu Jian Council.
   929 | D        | Found a shimmering blue altar of Sif Muna.
   931 | D        | Found a radiant altar of Vehumet.
  1014 | D        | Found Nasto's Antique Weapon Emporium.
  1014 | D        | Found an ancient bone altar of Kikubaaqudgha.
  1014 | D        | Found a hazy altar of Hepliaklqana.
  1014 | D        | Found a stormy altar of Qazlal.
  1014 | D        | Found a hide-covered altar of Uskayaw.
  1014 | D        | Found a blossoming altar of Fedhas.
  1014 | D        | Found a bloodstained altar of Trog.
  1014 | D        | Found an iron altar of Okawaru.
  1014 | D        | Found a basalt altar of Yredelemnul.
  1014 | D        | Found a glowing golden altar of the Shining One.
  1014 | D        | Found a snail-covered altar of Cheibriados.
  1014 | D        | Found a sacrificial altar of Ru.
  1014 | D        | Found a glowing silver altar of Zin.
  1014 | D        | Found a shadowy altar of Dithmenos.
  1014 | D        | Found a white marble altar of Elyvilon.
  1014 | D        | Noticed a yak
  1023 | D        | Killed a yak
  1024 | D        | Reached skill level 10 in Fighting
  1024 | D        | Reached skill level 5 in Evocations
  1024 | D        | Found an opulent altar of Gozag.
  1025 | D        | Found a sparkling altar of Nemelex Xobeh.
  1120 | D        | Found a burning altar of Makhleb.
  1120 | D        | Found a viscous altar of Jiyva.
  1120 | D        | Found a shimmering altar of Xom.
  1120 | D        | Found a corrupted altar of Lugonu.
  1120 | D        | Noticed a slime creature
  1130 | D        | Killed a slime creature
  1131 | D        | Reached XP level 7. HP: 23/73 MP: 6/6
  1448 | D        | Killed a gargoyle
  1482 | D        | Noticed Sonja
  1491 | D        | Killed Sonja
  1491 | D        | Reached *** piety under Trog
  1492 | D        | Reached XP level 8. HP: 83/83 MP: 7/7
  1546 | D        | Found Gulafew's Antique Armour Boutique.
  1566 | D        | Noticed a deep troll
  1577 | D        | Killed a deep troll
  1578 | D        | Reached skill level 10 in Armour
  1714 | D        | Found Tibistre's Armour Emporium.
  1759 | D        | Noticed a centaur warrior
  1759 | D        | Noticed a centaur warrior
  1768 | D        | Killed a centaur warrior
  1769 | D        | Reached XP level 9. HP: 65/93 MP: 8/8
  1776 | D        | Killed a centaur warrior
  1776 | D        | Reached **** piety under Trog
  1777 | D        | Reached skill level 15 in Axes
  2182 | D        | Noticed an oklob plant
  2190 | D        | Killed an oklob plant
  2851 | D        | Killed an unseen horror
  2851 | D        | Reached ***** piety under Trog
  2852 | D        | Reached XP level 10. HP: 46/103 MP: 9/9
  3220 | D        | Paralysed by a floating eye for 2 turns
  3661 | D        | Received a gift from Trog
  3662 | D        | Reached skill level 10 in Evocations
  3758 | D        | Found Ebloe's Jewellery Boutique.
  3758 | D        | Found Qaigracs's General Store.
  3759 | D        | Found Soysoceg's Magic Scroll Emporium.
  3759 | D        | Found Siulyn's Magic Scroll Boutique.
  3766 | D        | Reached skill level 15 in Armour
  3983 | D        | Found Jyhy's Distillery.
  4013 | D        | Found Qen Feg's Weapon Shop.
  4017 | D        | Found Feiph's Book Emporium.
  4017 | D        | Found Woetuloq's Antique Weapon Shop.
  4017 | D        | Found Cagral's Armour Shoppe.
  4017 | D        | Found Bessu's Magic Scroll Boutique.
  4017 | D        | Found Cilas's Antique Weapon Emporium.
  4017 | D        | Found Zoho's Antique Armour Shop.
  4017 | D        | Found Isum's Magic Scroll Shoppe.
  4021 | D        | Bought a scroll of magic mapping for 49 gold pieces
  4160 | D        | Found Efeami's Book Boutique.
  4163 | D        | Bought a +0 tower shield for 54 gold pieces
  4223 | D        | Reached ****** piety under Trog
  4223 | D        | Received a gift from Trog
  4230 | D        | Reached skill level 15 in Fighting
  4495 | D        | Noticed a gargoyle
  4502 | D        | Reached skill level 1 in Shields
  4508 | D        | Killed a gargoyle
  4510 | D        | Received a gift from Trog
  4827 | D        | Noticed a lindwurm
  4835 | D        | Killed a lindwurm
  5012 | D        | Reached XP level 11. HP: 114/114 MP: 3/10
  5036 | D        | Received a gift from Trog
  5049 | D        | Reached skill level 5 in Shields
  5079 | D        | Noticed a 12-headed hydra
  5083 | D        | Killed an 11-headed hydra
  5416 | D        | Noticed a shining eye
  5416 | D        | Noticed a shining eye
  5416 | D        | Noticed a shining eye
  5416 | D        | Noticed a shining eye
  5416 | D        | Noticed a shining eye
  5416 | D        | Noticed a shining eye
  5418 | D        | Gained mutation: Armour fits poorly on your strangely
                  | shaped body. [a shining eye]
  5422 | D        | Paralysed by a floating eye for 4 turns
  5431 | D        | Killed a shining eye
  5431 | D        | Received a gift from Trog
  5432 | D        | Killed a shining eye
  5434 | D        | Killed a shining eye
  5434 | D        | Gained mutation: You tend to lose your temper in combat. [a
                  | shining eye]
  5435 | D        | Reached skill level 10 in Shields
  5436 | D        | Killed a shining eye
  5437 | D        | Gained mutation: You are strong-willed. (Will+) [a shining
                  | eye]
  5438 | D        | Gained mutation: You sometimes lose the ability to read
                  | scrolls when taking damage. [a shining eye]
  5439 | D        | Killed a shining eye
  5441 | D        | Killed a shining eye
  5474 | D        | Noticed a shining eye
  5474 | D        | Noticed a shining eye
  5477 | D        | Gained mutation: You are weak. (Str -2) [a shining eye]
  5478 | D        | Gained mutation: Your magical capacity is low. (-10% MP) [a
                  | shining eye]
  5485 | D        | Killed a shining eye
  5485 | D        | Received a gift from Trog
  5487 | D        | Killed a shining eye
  5492 | D        | Found Momia's General Store.
  5492 | D        | Found Kaynozih's Antique Weapon Shop.
  5492 | D        | Found Dadovamn's General Store.
  5492 | D        | Found Goulat's Jewellery Boutique.
  5565 | D        | Bought a +0 pair of boots of rampaging for 138 gold pieces
  5576 | D        | Bought a scroll of blinking for 82 gold pieces
  5576 | D        | Bought a scroll of blinking for 82 gold pieces
  5585 | D        | Bought a potion of mutation for 80 gold pieces
  5585 | D        | Bought a potion of mutation for 80 gold pieces
  5585 | D        | Lost mutation: You are strong-willed. (Will+) [potion of
                  | mutation]
  5585 | D        | Lost mutation: You sometimes lose the ability to read
                  | scrolls when taking damage. [potion of mutation]
  5585 | D        | Gained mutation: You are clumsy. (Dex -2) [potion of
                  | mutation]
  5585 | D        | Gained mutation: Your system is resistant to poisons.
                  | (rPois) [potion of mutation]
  5586 | D        | Lost mutation: Armour fits poorly on your strangely shaped
                  | body. [potion of mutation]
  5586 | D        | Lost mutation: Your system is resistant to poisons. (rPois)
                  | [potion of mutation]
  5586 | D        | Lost mutation: You are weak. (Str -2) [potion of mutation]
  5597 | D        | Bought a scroll of acquirement for 572 gold pieces
  5597 | D        | Acquired the amulet of Comana {Acrobat Rampage Fragile
                  | rPois Str+5}
  5654 | D        | Bought a +6 ring of strength for 643 gold pieces
  5704 | D        | Bought a potion of heal wounds for 60 gold pieces
  5763 | D        | Killed a lorocyproca
  7104 | D        | Noticed a deep elf annihilator
  7113 | D        | Killed a deep elf annihilator
  7113 | D        | Received a gift from Trog
  7114 | D        | Reached XP level 12. HP: 95/127 MP: 3/9
  7120 | D        | Noticed a mummy priest
  7695 | D        | Bought a scroll of holy word for 90 gold pieces
  7761 | D        | Noticed a daeva
  7774 | D        | Reached skill level 15 in Shields
  7785 | D        | Identified the +5 battleaxe "Dalaf" {vorpal, rElec rF-
                  | Will+} (Trog gifted it to you in the Dungeon)
  7785 | D        | Received a gift from Trog
  8016 | D        | Found the +7 pair of quick blades "Gyre" and "Gimble"
                  | {protect}
  8408 | D        | Bought a +1 cloak of stealth for 165 gold pieces
  8415 | D        | Bought a scroll of identify for 22 gold pieces
  8415 | D        | Bought a scroll of identify for 22 gold pieces
  8492 | D        | Bought a scroll of identify for 28 gold pieces
  8946 | D        | Noticed a jiangshi
  9568 | D        | Noticed a fire giant
  9582 | D        | Killed a fire giant
  9587 | D        | Noticed a fire giant
  9594 | D        | Killed a fire giant
  9754 | D        | Noticed a fire giant
  9762 | D        | Killed a fire giant
  9762 | D        | Received a gift from Trog
  9781 | D        | Noticed a fire giant
  9799 | D        | HP: 3/195 [fire giant/fireball (41)]
  9800 | D        | Killed a fire giant
 10226 | D        | Found the +4 dragonskin cloak
 10226 | D        | Noticed Tiamat
 10836 | D        | Bought +0 pearl dragon scales for 1000 gold pieces
 11538 | D        | Noticed a shadow dragon
 11538 | D        | Noticed a golden dragon
 11658 | D        | Noticed a jiangshi
 11999 | D        | Noticed the 27-headed Lernaean hydra
 12008 | D        | HP: 7/195 [the 25-headed Lernaean hydra (10)]
 12008 | D        | HP: 2/195 [the 25-headed Lernaean hydra (5)]
 12284 | D        | Noticed a deep elf master archer
 12646 | D        | Bought a scroll of silence for 82 gold pieces
 12714 | D        | Bought a scroll of identify for 24 gold pieces
 12721 | D        | Bought a scroll of fear for 38 gold pieces
 12722 | D        | Bought the ring of Dawn {rElec MP+9 Str+4 Dex+6 Stlth-} for
                  | 1180 gold pieces
 12726 | D        | Bought a potion of flight for 36 gold pieces
 12726 | D        | Bought a potion of flight for 36 gold pieces
 12726 | D        | Bought 2 potions of mutation for 192 gold pieces
 12727 | D        | Bought a ring of flight for 210 gold pieces
 12898 | D        | Killed a deep elf master archer
 13222 | D        | Killed a mummy priest
 13287 | D        | Noticed Lom Lobon
 13314 | D        | Killed from afar by Lom Lobon

Illustrated notes

Levels and vault maps discovered:
D:        dungeon_sprint_1 [red_sonja_temple_1, red_sonja_temple_small_1]

Skill      XL: |  1  2  3  4  5  6  7  8  9 10 11 12 |
---------------+-------------------------------------+-----
Fighting       | 5 7 9 10 11 13 14 15 18 19 | 19.4
Axes           | 5 7 9 11 13 14 16 17 18 | 18.2
Armour         | 3 4 6 8 9 11 14 16 17 19 | 19.4
Evocations     | 2 4 6 7 8 9 11 | 11.6
Shields        | 3 14 17 | 17.9
Dodging        | 4 |  4.5

Action                   |  1- 3 |  4- 6 |  7- 9 | 10-12 || total
-------------------------+-------+-------+-------+-------++-------
Melee: Hand axe          |     9 |    32 |    60 |    28 ||   129
       Headbutt          |       |    12 |    18 |    74 ||   104
       Punch             |       |     2 |     1 |     1 ||     4
       Broad axe         |       |       |       |   228 ||   228
Invok: Berserk           |     1 |       |     3 |     8 ||    12
       Trog's Hand       |       |       |       |     1 ||     1
Evoke: Wand              |       |       |     2 |     2 ||     4
       Box of beasts     |       |       |       |     3 ||     3
  Use: Scroll            |       |       |       |    13 ||    13
       Potion            |       |       |       |    12 ||    12
 Stab: Paralysed         |       |       |     9 |     5 ||    14
Armor: Scale mail        |       |     4 |    14 |     8 ||    26
       Plate armour      |       |       |       |   288 ||   288
       Pearl dragon scal |       |       |       |    68 ||    68
Dodge: Dodged            |     3 |     8 |    13 |    89 ||   113
Block: Tower shield      |       |       |       |   190 ||   190
